 Zot Defence DCSS version 0.15.2 (webtiles) character file.

369 nuthulu the Shield-Bearer (level 6, 0/1 (40) HPs)
             Began as a Gargoyle Fighter on Mar 2, 2019.
             Rotted away (a green rat)
             ... in the Realm of Zot (Scenario I: Hall of Zot).
             The game lasted 00:05:02 (642 turns).

nuthulu the Shield-Bearer (Gargoyle Fighter)         Turns: 642, Time: 00:05:03

HP   0/1 (40)    AC 11     Str 22      XL: 6   Next: 70%
MP   6/6         EV  7     Int  8      God:
Gold 0           SH 10     Dex  9      Spells:  0 memorised,  5 levels left

rFire  . . .     SeeInvis .     a - +0 flail
rCold  . . .     Clarity  .     b - +0 scale mail
rNeg   + . .     rCorr    .     c - +0 shield
rPois  +         rRot     +     (no helmet)
rElec  +         Spirit   .     (no cloak)
SustAb .         Warding  .     (no gloves)
rMut   .         Stasis   .     (no boots)
Gourm  .                        (no amulet)
MR     .....                    (no ring)
                                (no ring)

@: not resistant to hostile enchantments, extremely unstealthy
A: negative energy resistance 1, electricity resistance, unbreathing,
petrification resistance, rot immunity, AC +4
a: Make oklob sapling, Make arrow trap, Make plant, Remove Curse, Make burning
bush, Make altar, Make grenades


You were in the Realm of Zot.
You were not hungry.

You visited 1 branch

Inventory:

Hand weapons
 a - a +0 flail (weapon)
Armour
 b - a +0 scale mail (worn)
 c - a +0 shield (worn)
Comestibles
 f - a bread ration
 g - a chunk of rat flesh
 h - 2 chunks of kobold flesh
Scrolls
 k - a scroll of blinking
Potions
 d - 3 potions of curing
 e - a potion of might
 i - 2 potions of magic
 j - a potion of berserk rage


   Skills:
 + Level 4.9 Fighting
 + Level 3.7 Maces & Flails
 + Level 4.9 Armour
 + Level 5.0 Shields


You had 5 spell levels left.
You didn't know any spells.

Dungeon Overview and Level Annotations

Branches:
    Zot (1/1)

Altars:

Annotations:
Zot Jessica


Innate Abilities, Weirdness & Mutations

You are resistant to torment.
You are immune to poison.
Your stone body is very resilient (AC +4).
You resist negative energy.
You are resistant to electric shocks.
You can survive without breathing.
You are immune to petrification.
You are immune to rotting.


Message History

The adder bites your plant but does no damage.
Your flesh rots away as the Orb of Zot is desecrated.
Things that are here:
a dagger; a kobold corpse; a kobold corpse Unknown command.
Jessica gestures at the green rat while chanting.
Your plant is unaffected.
The adder bites your plant but does no damage.
Your flesh rots away as the Orb of Zot is desecrated. x3
You see here a hound corpse.
Unknown command.
Your scale mail prevents you from hitting the green rat.
Your flesh rots away as the Orb of Zot is desecrated.
The green rat is heavily wounded.
Your flesh rots away as the Orb of Zot is desecrated.
Jessica hits you but does no damage.
The adder bites your plant but does no damage.
Your flesh rots away as the Orb of Zot is desecrated.
Ouch! That really hurt!
You die...

.....#### ####... ........###
###...... ..........## ##........
...........# ▓▓▓▓▓▓▓▓▓ #.........
...........▓▓▓.......▓▓▓.........
...........▓▓....S....▓▓.........
...........▓....PPP....▓%........
............)%.@PrP).%)).........
...........▓...%@P.%...▓.........
...........▓▓.........▓▓.........
...........▓▓▓.......▓▓▓.........
...........▓ ▓▓▓▓▓▓▓▓▓ ▓.........
..........▓▓ ▓▓........
........▓▓▓ ▓▓▓...... .....▓▓▓▓
▓▓▓▓... ▓▓▓▓▓▓▓▓▓ ▓▓▓▓▓▓▓ #▓∆∆▓
▓∆∆▓#


You could see an adder, a green rat and Jessica.

Vanquished Creatures
  A killer bee (Zot)
  2 iguanas (Zot)
  A hound (Zot)
  An adder (Zot)
  2 ball pythons (Zot)
  4 bats (Zot)
  A jackal (Zot)
  A quokka (Zot)
  A giant cockroach (Zot)
  2 giant newts (Zot)
  2 goblins (Zot)
  4 kobolds (Zot)
22 creatures vanquished.

Vanquished Creatures (collateral kills)
  An adder (Zot)
  2 ball pythons (Zot)
  A bat (Zot)
  A hobgoblin (Zot)
  A giant newt (Zot)
  2 goblins (Zot)
  2 jackals (Zot)
  6 kobolds (Zot)
  2 quokkas (Zot)
  4 rats (Zot)
22 creatures vanquished.

Vanquished Creatures (others)
  2 oklob saplings (Zot)
  A giant spore (Zot)
  A kobold (Zot)
4 creatures vanquished.

Grand Total: 48 creatures vanquished

Notes
Turn   | Place    | Note
--------------------------------------------------------------
     0 | Zot      | nuthulu, the Gargoyle Fighter, began the quest for the Orb.
     0 | Zot      | Reached XP level 1. HP: 14/14 MP: 1/1
   220 | Zot      | Reached XP level 2. HP: 12/19 MP: 2/2
   338 | Zot      | Reached XP level 3. HP: 19/24 MP: 3/3
   447 | Zot      | Reached skill level 4 in Fighting
   447 | Zot      | Reached XP level 4. HP: 16/29 MP: 4/4
   502 | Zot      | Reached XP level 5. HP: 21/33 MP: 5/5
   620 | Zot      | Reached XP level 6. HP: 11/13 MP: 6/6
   630 | Zot      | Reached skill level 5 in Shields
   636 | Zot      | Noticed Jessica
   642 | Zot      | Rotted away (a green rat)

Action                   |  1- 3 |  4- 6 || total
-------------------------+-------+-------++-------
Melee: Flail             |    55 |    46 ||   101
 Abil: Make oklob saplin |     1 |     1 ||     2
       Make plant        |       |     6 ||     6
  Use: Potion            |     2 |       ||     2
